 Dungeon Crawl Stone Soup version 0.29.1-15-g9cfb28693d (webtiles) character file.

Game seed: 7048644861979613939

28 venomsnake the Trooper (level 3, 0/33 HPs)
             Began as a Minotaur Abyssal Knight on Mar 25, 2023.
             Was a Believer of Lugonu.
             Slain by an orc
             ... wielding a +0 flail
              (1 damage)
             ... on level 3 of the Dungeon.
             The game lasted 00:02:23 (699 turns).

venomsnake the Trooper (Minotaur Abyssal Knight)     Turns: 699, Time: 00:02:23

Health: 0/33       AC:  3    Str: 17    XL:     3   Next: 0%
Magic:  3/3        EV: 11    Int:  7    God:    Lugonu [**....]
Gold:   19         SH:  0    Dex: 12    Spells: 2/2 levels left

rFire   . . .      SeeInvis .   a - +1 hand axe
rCold   . . .      Faith    .   (no shield)
rNeg    . . .      Spirit   .   b - +0 leather armour
rPois   .          Reflect  .   (helmet restricted)
rElec   .          Harm     .   (no cloak)
rCorr   .          Rampage  .   (no gloves)
Will    .....                   (no boots)
Stlth   +.........              (no amulet)
HPRegen 0.11/turn               (no ring)
MPRegen 0.08/turn               (no ring)

@: no status effects
A: horns 2, retaliatory headbutt
a: Renounce Religion, Depart the Abyss, Bend Space


You were on level 3 of the Dungeon.
You worshipped Lugonu.
Lugonu was pleased with you.
You visited 1 branch of the dungeon, and saw 3 of its levels.
You visited the Abyss 1 time.

You collected 19 gold pieces.

Inventory:

Hand Weapons
 a - a +1 hand axe (weapon)
Armour
 b - a +0 leather armour (worn)
Jewellery
 d - a ring of wizardry
Scrolls
 c - a scroll of amnesia {unknown}


   Skills:
 + Level 3.9 Fighting
 + Level 2.9 Axes
 + Level 2.9 Armour
 + Level 1.7 Dodging
 + Level 2.1 Invocations


You had 2 spell levels left.
You didn't know any spells.
Your spell library was empty.

Dungeon Overview and Level Annotations

Branches:
Dungeon (3/15)

Altars:


Innate Abilities, Weirdness & Mutations

You have a pair of horns on your head.
You reflexively headbutt those who attack you in melee.


Message History

The orc attacks as you move away! The orc hits you with a +0 club.
The orc hits you with a +0 club. The orc attacks as you move away!
The orc hits you with a +0 club. The orc attacks as you move away!
The orc misses you.
An orc wizard comes into view. It is wielding a +0 dagger.
The orc wizard points at you and mumbles some strange words.
You are confused.
The orc attacks as you move away! The orc hits you but does no damage.
You miss the orc.
The orc is heavily wounded.
The orc closely misses you.
You bump into the rock wall.
The orc hits you with a +0 club. The orc hits you with a +0 flail.
You hit the orc but do no damage.
The orc is heavily wounded.
You barely miss the orc wizard. You closely miss the orc. The orc misses you.
The orc wizard casts a spell at you. The magic dart hits you.
The orc hits you with a +0 flail.
* * * LOW HITPOINT WARNING * * *
You bump into the rock wall.
The orc hits you with a +0 club.
* * * LOW HITPOINT WARNING * * *
The orc barely misses you.
The orc wizard hits you with a +0 dagger.
* * * LOW HITPOINT WARNING * * *
You bump into the rock wall.
The orc hits you with a +0 club.
* * * LOW HITPOINT WARNING * * *
The orc wizard gestures at you while chanting.
You resist with significant effort. The orc barely misses you.
You bump into the rock wall.
You feel less confused. The orc hits you with a +0 club.
* * * LOW HITPOINT WARNING * * *
The orc wizard barely misses you. The orc closely misses you.
You barely miss the orc.
The orc is heavily wounded.
You closely miss the orc wizard. You hit the orc.
The orc hits you but does no damage.
The orc wizard hits you but does no damage.
The orc hits you with a +0 flail.
You die...

###############
#....o@o......########
##.####o#####..<.......
#..o.................#.
#..####.#####.######.#
#.# #.# #.## #.# #..#
#.# ##.# #.# #.# #.#


You could see an orc wizard and 2 orcs.

Vanquished Creatures
  An adder (D:2)
  An orc (D:3)
  3 bats
  2 endoplasms (D:2)
  A hobgoblin (D:1)
  2 jackals (D:3)
  2 quokkas
  A frilled lizard (D:2)
  2 goblins
  A rat (D:3)
16 creatures vanquished.

Notes
Turn   | Place    | Note
-------+----------+-------------------------------------------
     0 | Abyss:1  | venomsnake the Minotaur Abyssal Knight began the quest for
                  | the Orb.
     0 | Abyss:1  | Reached XP level 1. HP: 19/19 MP: 1/1
     1 | D:1      | Escaped the Abyss
   472 | D:2      | Reached XP level 2. HP: 26/27 MP: 2/2
   684 | D:3      | Reached XP level 3. HP: 29/33 MP: 3/3
   698 | D:3      | HP: 1/33 [orc/+0 club (1)]
   699 | D:3      | Slain by an orc

Illustrated notes

Levels and vault maps discovered:
D:1:      saegor_arrival_miasma, layout_loops_ring, serial_forest,
          infiniplex_forest_end_3, infiniplex_forest_lined_ring,
          infiniplex_forest_lined_room_2, infiniplex_forest_corner_1,
          infiniplex_forest_lined_room_3,
          shapermc_ecumenical_altar_starsandcircs
D:2:      layout_loops_ring, uniq_robin
D:3:      layout_loops_ring, hangedman_decor_lopped

Skill      XL: |  1 |
---------------+----+-----
Invocations    | 2 |  2.1
Fighting       | |  3.9
Axes           | |  2.9
Armour         | |  2.9
Dodging        | |  1.7

Action                   || total
-------------------------++-------
Melee: Hand axe          ||    46
       Headbutt          ||     6
  Use: Potion            ||     1
Armor: Leather armour    ||    15
Dodge: Dodged            ||    39
